 Dungeon Crawl Stone Soup version 0.32-a0-42-ga30500b4d3 (webtiles) character file.

Game seed: 7784316201731397968

872 CougarLife the Caller (level 8, -2/52 HPs)
             Began as a Merfolk Summoner on Jan 26, 2024.
             Slain by Crazy Yiuf
             ... wielding a +4 quarterstaff of chaos
              (15 damage)
             ... on level 5 of the Dungeon.
             The game lasted 00:13:06 (5571 turns).

CougarLife the Caller (Merfolk Summoner)            Turns: 5571, Time: 00:13:07

Health: -2/52      AC:  2    Str:  8    XL:     8   Next: 4%
Magic:  12/13      EV: 12    Int: 17    God:
Gold:   182        SH:  0    Dex: 14    Spells: 8/14 levels left

rFire   . . .        f - +2 spear (pain)
rCold   . . .        (no shield)
rNeg    . . .        a - +0 robe
rPois   .            (no helmet)
rElec   .            (no cloak)
rCorr   .            (no gloves)
SInv    .            (no boots)
Will    .....        (no amulet)
Stlth   ++           (no ring)
HPRegen 0.28/turn    (no ring)
MPRegen 0.13/turn

%: no passive effects
@: about to teleport
A: (nimble swimmer 2), mertail
a: no special abilities


You were on level 5 of the Dungeon.
You visited 1 branch of the dungeon, and saw 5 of its levels.

You collected 182 gold pieces.

Inventory:

Hand Weapons
 f - a +2 spear of pain (weapon)
Missiles
 v - a throwing net
Armour
 a - a +0 robe (worn)
Jewellery
 e - an amulet of faith
Wands
 t - a wand of flame (21)
 y - a wand of digging (4)
Scrolls
 d - a scroll of silence {unknown}
 h - 3 scrolls of teleportation
 k - a scroll of blinking {unknown}
 l - a scroll of poison {unknown}
 m - a scroll of immolation
 o - a scroll of enchant armour {unknown}
 p - a scroll of noise {unknown}
 r - a scroll of fog {unknown}
 s - 2 scrolls of torment
 u - a scroll of acquirement {unknown}
 x - a scroll of enchant weapon {unknown}
Potions
 b - 3 potions of magic
 c - 2 potions of mutation {unknown}
 g - 3 potions of curing
 i - 4 potions of might
 j - 2 potions of ambrosia {unknown}
 n - 2 potions of degeneration {unknown}
 q - a potion of haste {unknown}
 w - a potion of lignification {unknown}
 z - a potion of resistance {unknown}


   Skills:
 - Level 2.6 Dodging
 - Level 2.1 Stealth
 - Level 3.8 Spellcasting
 - Level 6.6 Summonings
 + Level 4.8 Air Magic


You had 8 spell levels left.
You knew the following spells:

 Your Spells              Type           Power      Damage    Failure   Level
a - Summon Small Mammal   Summ           100%       N/A       1%          1
b - Call Imp              Summ           50%        N/A       1%          2
c - Call Canine Familiar  Summ           25%        N/A       3%          3

Your spell library contained the following spells:

 Spells                   Type           Power      Damage    Failure   Level
 Summon Lightning Spire   Summ/Air       22%        N/A       16%         4
 Summon Blazeheart Golem  Fire/Summ      14%        N/A       38%         4


Dungeon Overview and Level Annotations

Branches:
Dungeon (5/15)
 Temple: D:4-7

Altars:
Ashenzari
Elyvilon
Qazlal
Wu Jian

Shops:
D:1 [

Annotations:
D:4 1 runed translucent door, yleetSyT's ghost, amateur OpSh
D:5 1 runed translucent door, Crazy Yiuf; Prince Ribbit


Innate Abilities, Weirdness & Mutations

((You are very nimble when in or above water. (Stealth+, EV+, Speed+++)))
Your lower body shifts to a powerful aquatic tail in water.


Message History

Prince Ribbit hits you!
Prince Ribbit attacks as he pursues you!
Prince Ribbit closely misses you.
Your cerulean imp hits Prince Ribbit from afar with a -2 spear.
You swap places.
Prince Ribbit attacks as he pursues you!
Prince Ribbit closely misses you. x2
Your cerulean imp closely misses Prince Ribbit.
Prince Ribbit blinks!
Your cerulean imp misses Prince Ribbit.
Casting: Call Imp (safe; 1% risk of failure)
Confirm with . or Enter, or press ? or * to list all spells.
Your canine familiar is too injured to answer your call.
Your cerulean imp hits Prince Ribbit with a -2 spear.
Prince Ribbit blinks!
Casting: Call Canine Familiar (dangerous; 3% risk of failure)
Confirm with . or Enter, or press ? or * to list all spells.
Your canine familiar is too injured to answer your call.
Prince Ribbit attacks as he pursues you!
Prince Ribbit hits you! Prince Ribbit hits you!
* * * LOW HITPOINT WARNING * * *
Casting: Call Canine Familiar (dangerous; 3% risk of failure)
Confirm with . or Enter, or press ? or * to list all spells.
Your canine familiar is too injured to answer your call.
Your cerulean imp hits Prince Ribbit from afar with a -2 spear.
Prince Ribbit blinks!
Your familiar recovers from its injuries.
As you read the scroll of teleportation, it crumbles to dust.
You feel strangely unstable.
Your cerulean imp completely misses Prince Ribbit.
The orc completely misses your cerulean imp.
Your surroundings suddenly seem different.
Crazy Yiuf the Enlightened comes into view.
He is wielding a +4 quarterstaff of chaos.
Found a hammer.
Found a runed translucent door.
As you read the scroll of teleportation, it crumbles to dust.
You feel strangely unstable.
Crazy Yiuf shouts!
Crazy Yiuf yells, "Island unthinkable koolooloo!"
Crazy Yiuf hits you with a +4 quarterstaff of chaos!
You die...

###########
##.........#
♣
...#.#######
.♣ ##...# .
.....# .♣♣
####.# ♣.♣ #
#.#######
##+##
#.<.....#
#.@.#
#########
#g..# #..)#
#####


You could see Crazy Yiuf.

Vanquished Creatures
  A hound (D:5)
  2 orc wizards (D:5)
  4 orcs (D:5)
  2 ball pythons (D:1)
  2 endoplasms (D:1)
  A giant cockroach (D:2)
  3 goblins
  2 hobgoblins
  2 kobolds
  5 bats
  3 frilled lizards
27 creatures vanquished.

Vanquished Creatures (collateral kills)
  An ogre (D:5)
  A centaur (D:5)
  A phantom (D:4)
  A scorpion (D:5)
  A hound (D:5)
  2 orc priests
  Natasha (thrice) (D:3)
  4 orc wizards
  4 gnolls (D:4)
  8 adders
  3 ribbon worms
  21 orcs
  8 endoplasms
  2 giant cockroaches
  5 goblins
  5 hobgoblins
  2 jackals (D:2)
  6 kobolds
  A quokka (D:3)
  6 ball pythons
  3 frilled lizards
  A rat (D:3)
89 creatures vanquished.

Grand Total: 116 creatures vanquished

Notes
Turn   | Place    | Note
-------+----------+-------------------------------------------
     0 | D:1      | CougarLife the Merfolk Summoner began the quest for the
                  | Orb.
     0 | D:1      | Reached XP level 1. HP: 13/13 MP: 3/3
   126 | D:1      | Found Jarastie's Armour Emporium.
   188 | D:1      | You fall into a shaft and drop 1 floor!
   431 | D:1      | Reached XP level 2. HP: 19/19 MP: 1/5
   929 | D:2      | Found a broken altar of Ashenzari.
   936 | D:2      | Reached XP level 3. HP: 10/24 MP: 3/6
   939 | D:2      | Learned a level 2 spell: Call Imp
  1254 | D:2      | Reached skill level 5 in Summonings
  1350 | D:2      | Reached XP level 4. HP: 30/30 MP: 5/8
  1449 | D:2      | Found a faded altar of an unknown god.
  1795 | D:2      | Learned a level 3 spell: Call Canine Familiar
  1863 | D:3      | Found an ornate altar of the Wu Jian Council.
  1932 | D:3      | Reached XP level 5. HP: 35/35 MP: 6/9
  2383 | D:3      | Found a stormy altar of Qazlal.
  2606 | D:3      | Reached skill level 6 in Summonings
  3156 | D:3      | Noticed Natasha
  3205 | D:3      | Killed Natasha
  3206 | D:3      | Reached XP level 6. HP: 41/41 MP: 4/11
  3307 | D:3      | Noticed Natasha
  3314 | D:3      | Killed Natasha
  3448 | D:3      | Noticed Natasha
  3476 | D:3      | Killed Natasha
  3577 | D:4      | Found a runed translucent door.
  3578 | D:4      | Noticed yleetSyT's ghost (amateur OpSh)
  3933 | D:4      | Found a white marble altar of Elyvilon.
  4136 | D:4      | Reached skill level 1 in Air Magic
  4694 | D:5      | Entered Level 5 of the Dungeon
  4758 | D:5      | Reached XP level 7. HP: 40/46 MP: 9/12
  5179 | D:5      | Reached XP level 8. HP: 47/52 MP: 5/13
  5537 | D:5      | Noticed Prince Ribbit
  5569 | D:5      | Found a runed translucent door.
  5569 | D:5      | Noticed Crazy Yiuf
  5571 | D:5      | Slain by Crazy Yiuf

Illustrated notes

Levels and vault maps discovered:
D:1:      dpeg_arrival_orchard, layout_basic, serial_shops, shop
D:2:      layout_rooms, hellmonk_ecumenical_altar_blasted, basic_altar
D:3:      layout_loops_corners, lemuel_doored_altar,
          mainiacjoe_overflow_concentric_impassable, minmay_shallow_snake_nest,
          uniq_natasha
D:4:      layout_basic, elyvilon_altar_4, ebering_ghost_sewer_d,
          minmay_misc_feat_plants, minmay_goblin_kobold_house
D:5:      layout_loops_ring, nicolae_tso_carved_into_rock, uniq_prince_ribbit1,
          uniq_crazy_yiuf_cottage

Skill      XL: |  1  2  3  4  5  6  7 |
---------------+----------------------+-----
Summonings     | 5 6 |  6.6
Spellcasting   | 3 |  3.8
Air Magic      | 2 4 |  4.8
Dodging        | |  2.6
Stealth        | |  2.1

Action                     |  1- 3 |  4- 6 |  7- 9 || total
---------------------------+-------+-------+-------++-------
  Melee: Unarmed           |    12 |       |       ||    12
         Short sword       |    47 |    16 |       ||    63
         Spear             |       |    18 |    31 ||    49
         Punch             |       |     1 |       ||     1
   Cast: Summon Small Mamm |    31 |    14 |     1 ||    46
         Call Imp          |    12 |    28 |    10 ||    50
         Call Canine Famil |       |    21 |     6 ||    27
    Use: Scroll            |       |     4 |     2 ||     6
   Stab: Sleeping          |     1 |     1 |       ||     2
         Distracted        |       |     1 |     1 ||     2
 Armour: Robe              |    37 |    45 |    11 ||    93
  Dodge: Dodged            |    49 |    44 |    13 ||   106

Table legend: (Time is in decaauts)
 A = Elapsed time spent in this place.
 B = Non-inter-level travel time spent in this place.
 C = Inter-level travel time spent in this place.
 D = Time resting spent in this place.
 E = Time spent auto-exploring this place.
 F = Levels seen in this place.
 G = Mean time per level.
                   A        B        C        D        E       F      G
               +--------+--------+--------+--------+--------+-----+--------+
         Total |   5572 |   5384 |    188 |    763 |   3269 |   5 | 1114.4 |
       Dungeon |   5572 |   5384 |    188 |    763 |   3269 |   5 | 1114.4 |
               +--------+--------+--------+--------+--------+-----+--------+

Top non-repeatable levels by time:
     D:3: 1733 daAuts
     D:4: 1134 daAuts
     D:1: 946 daAuts
     D:5: 881 daAuts
     D:2: 876 daAuts
